 Dungeon Crawl Stone Soup version 0.31-a0-1001-g770356a28f (webtiles) character file.

Game seed: 1132036580490848314

989035 mitkoXXVII the Conqueror (level 27, -4/291 HPs)
             Began as an Octopode Ice Elementalist on Nov 7, 2023.
             Was a Follower of Uskayaw.
             Killed from afar by a hellion (30 damage)
             ... with damnation
             ... summoned by a dread lich
             ... on level 4 of Tartarus on Nov 8, 2023.
             The game lasted 10:40:26 (93682 turns).

mitkoXXVII the Conqueror (OpIE)                    Turns: 93682, Time: 10:40:30

Health: -4/291     AC: 33    Str:  7 (8)  XL:     27
Magic:  39/39      EV: 55    Int: 29 (30) God:    Uskayaw [*.....]
Gold:   4232       SH: 22    Dex: 33 (34) Spells: 19/50 levels left

rFire   + + +        W - +9 eudemon blade (holy)
rCold   + + +        e - +2 shield of Resistance {rF++ rC++ Will++}
rNeg    + + +        k - -2 hat of the Alchemist {rElec rPois rF+ rC+ rN+ Will+ rMut rCorr}
rPois   ∞            g - amulet of faith
rElec   +            P - +5 ring of evasion
rCorr   +            M - +5 ring of evasion
SInv    +            R - ring of Ecoc {EV+5 Str-3 Int+6}
Will    ++...        z - ring "Kocaump" {Wiz Dex+8}
Stlth   +++++++      Z - ring "Seidim" {Fly rN+}
HPRegen 0.68/turn    F - ring of Nestruo {rPois rF+ Will+ Dex+3 SInv}
MPRegen 0.26/turn    Q - ring of Witui {Ice Str+4 Int+3}
                     v - +5 ring of evasion

%: resist mutation, faith, wizardry (x1)
@: mighty, about to teleport, statue-form, wereblooded, flying, studying
Throwing, silenced, weak-willed, very slow
A: slow and powerful, torment resistance 1, boosted hp, almost no armour,
amphibious, 8 rings, camouflage 1, (gelatinous body 1), (nimble swimmer 1),
tentacles, deterioration 1, strong-willed 1
}: 10/15 runes: decaying, serpentine, slimy, silver, abyssal, demonic, glowing,
magical, fiery, dark
a: Begin Untransformation, Renounce Religion


You were on level 4 of Tartarus.
You worshipped Uskayaw.
Uskayaw was pleased with you.
You were a living statue of rough stone.
You visited 14 branches of the dungeon, and saw 61 of its levels.
You visited Pandemonium 1 time, and saw 9 of its levels.
You visited the Abyss 2 times.
You also visited: Gauntlet and Wizlab.

You collected 10854 gold pieces.
You spent 6622 gold pieces at shops.

Inventory:

Hand Weapons
 w - a +9 quick blade of electrocution
 W - a +9 eudemon blade of holy wrath (weapon)
Missiles
 r - 11 silver javelins
Armour
 e - the +2 shield of Resistance (worn) {rF++ rC++ Will++}
   (You bought it in a shop on level 9 of the Dungeon)

   rF++:      It greatly protects you from fire.
   rC++:      It greatly protects you from cold.
   Will++:    It greatly increases your willpower.
 k - the -2 hat of the Alchemist (worn) {rElec rPois rF+ rC+ rN+ Will+ rMut rCorr}
   (You found it on level 3 of the Elven Halls)

   rF+:       It protects you from fire.
   rC+:       It protects you from cold.
   rElec:     It insulates you from electricity.
   rPois:     It protects you from poison rN+: It protects you from negative
   energy.
   Will+:     It increases your willpower.
   rCorr:     It protects you from acid and corrosion.
   rMut:      It protects you from mutation.
 B - a +7 tower shield of reflection
Jewellery
 g - an amulet of faith (around mantle)
 q - the ring of the Komtur {Str+3 Dex+6}
   (You acquired it on level 14 of the Dungeon)

   [ring of dexterity]

   Str+3:     It affects your strength (+3).
   Dex+6:     It affects your dexterity (+6).
 v - a +5 ring of evasion (on tentacle)
 z - the ring "Kocaump" (on tentacle) {Wiz Dex+8}
   (You took it off a deep elf demonologist on level 5 of the Vaults)

   [ring of wizardry]

   Wiz:       It improves your spell success rate.
   Dex+8:     It affects your dexterity (+8).
 F - the ring of Nestruo (on tentacle) {rPois rF+ Will+ Dex+3 SInv}
   (You found it on level 14 of the Dungeon)

   [ring of protection from fire]

   Dex+3:     It affects your dexterity (+3).
   rF+:       It protects you from fire.
   rPois:     It protects you from poison Will+: It increases your willpower.
   SInv:      It lets you see invisible.
 M - a +5 ring of evasion (right tentacle)
 P - a +5 ring of evasion (left tentacle)
 Q - the ring of Witui (on tentacle) {Ice Str+4 Int+3}
   (You took it off Josephina on level 2 of the Crypt)

   [ring of ice]

   Ice:       It enhances your ice magic.
   Str+4:     It affects your strength (+4).
   Int+3:     It affects your intelligence (+3).
   rF-:       It makes you vulnerable to fire.
   rC+:       It protects you from cold.
 R - the ring of Ecoc (on tentacle) {EV+5 Str-3 Int+6}
   (You found it in a wizard's laboratory)

   [ring of evasion]

   EV+5:      It affects your evasion (+5).
   Str-3:     It affects your strength (-3).
   Int+6:     It affects your intelligence (+6).
 Z - the ring "Seidim" (on tentacle) {Fly rN+}
   (You took it off a deep elf sorcerer on level 3 of the Elven Halls)

   [ring of flight]

   rN+:       It protects you from negative energy.
   Fly:       It grants you flight.
Talismans
 A - a talisman of death
 G - a granite talisman (active)
Wands
 a - a wand of digging (20)
 j - a wand of roots (73)
 V - a wand of quicksilver (41)
Scrolls
 c - 23 scrolls of teleportation
 f - 8 scrolls of immolation
 h - 9 scrolls of fog
 l - a scroll of blinking
 m - 18 scrolls of vulnerability
 E - 5 scrolls of silence
 J - 3 scrolls of revelation
 L - 10 scrolls of fear
 X - 6 scrolls of summoning
Potions
 b - 14 potions of haste
 d - 9 potions of invisibility
 n - 31 potions of curing
 o - 13 potions of might
 s - 9 potions of attraction
 C - 6 potions of cancellation
 H - 5 potions of magic
 I - 12 potions of brilliance
 N - 8 potions of resistance
 T - a potion of mutation
Miscellaneous
 p - a condenser vane (inert)
 S - a box of beasts (inert)
 U - a phantom mirror
 Y - a phial of floods


   Skills:
 O Level 27 Fighting
 - Level 14.0(17.9) Short Blades
 - Level 18.2(20.0) Long Blades
 - Level 3.0 Throwing
 - Level 19.0 Dodging
 - Level 12.0 Stealth
 + Level 22.9 Shields
 - Level 12.0 Spellcasting
 - Level 5.0 Conjurations
 - Level 8.0 Hexes
 - Level 10.0 Translocations
 - Level 15.0 Transmutations
 - Level 9.0 Fire Magic
 - Level 16.0 Ice Magic
 - Level 14.0 Invocations
 - Level 12.0 Evocations
 - Level 23.0 Shapeshifting


You had 19 spell levels left.
You knew the following spells:

 Your Spells              Type           Power      Damage    Failure   Level
a - Freeze                Ice            100%       1d10      0%          1
b - Frozen Ramparts       Ice            100%       1d16      0%          3
c - Ozocubu's Armour      Ice            100%       N/A       0%          3
d - Lesser Beckoning      Tloc           100%       N/A       1%          2
e - Passage of Golubria   Tloc           66%        N/A       1%          4
f - Inner Flame           Hex/Fire       61%        N/A       1%          3
g - Dazzling Flash        Conj/Hex       100%       N/A       1%          3
h - Hailstorm             Conj/Ice       87%        3d17      1%          3
i - Blink                 Tloc           100%       N/A       1%          2
j - Manifold Assault      Tloc           66%        N/A       1%          4
k - Wereblood             Tmut           81%        N/A       0%          2
l - Apportation           Tloc           100%       N/A       1%          1

Your spell library contained the following spells:

 Spells                   Type           Power      Damage    Failure   Level
 Magic Dart               Conj           100%       1d8       1%          1
 Necrotise                Necr           68%        1d7       1%          1
 Shock                    Conj/Air       100%       1d9       1%          1
 Sting                    Tmut/Pois      100%       1d8       1%          1
 Summon Small Mammal      Summ           68%        N/A       1%          1
 Ensorcelled Hibernation  Hex/Ice        100%       N/A       1%          2
 Jinxbite                 Hex            100%       N/A       1%          2
 Momentum Strike          Conj/Tloc      100%       3d10      1%          2
 Passwall                 Tmut/Erth      47%        N/A       1%          2
 Scorch                   Fire           100%       2d9       1%          2
 Searing Ray              Conj           92%        2d7       1%          2
 Static Discharge         Conj/Air       62%        3-6/arc   1%          2
 Gell's Gravitas          Tloc           66%        N/A       1%          3
 Ignite Poison            Fire/Tmut/Pois 59%        N/A       1%          3
 Sigil of Binding         Hex            59%        N/A       1%          3
 Stone Arrow              Conj/Erth      62%        3d10      1%          3
 Summon Guardian Golem    Hex/Summ       40%        N/A       1%          3
 Teleport Other           Tloc           66%        N/A       1%          3
 Tukima's Dance           Hex            59%        N/A       1%          3
 Volatile Blastmotes      Fire/Tloc      100%       2d18      1%          3
 Cause Fear               Hex            29%        N/A       1%          4
 Dimensional Bullseye     Hex/Tloc       31%        N/A       1%          4
 Flame Wave               Conj/Fire      55%        2d13      1%          4
 Fulminant Prism          Conj/Hex       26%        3d14      1%          4
 Iskenderun's Mystic Bla  Conj/Tloc      57%        2d12      1%          4
 Petrify                  Tmut/Erth      57%        N/A       1%          4
 Sticky Flame             Conj/Fire      55%        2d7       1%          4
 Summon Ice Beast         Ice/Summ       77%        N/A       1%          4
 Irradiate                Conj/Tmut      33%        3d22      1%          5
 Metabolic Englaciation   Hex/Ice        46%        N/A       1%          5
 Yara's Violent Unravell  Hex/Tmut       35%        3d14      1%          5
 Ozocubu's Refrigeration  Ice            52%        4d19      1%          7
 Cigotuvi's Dreadful Rot  Necr/Pois/Air  34%        N/A       2%          2
 Poisonous Vapours        Pois/Air       34%        N/A       2%          2
 Mephitic Cloud           Conj/Pois/Air  27%        N/A       2%          3
 Vhi's Electric Charge    Tloc/Air       92%        N/A       2%          4
 Alistair's Intoxication  Tmut/Pois      38%        N/A       2%          5
 Freezing Cloud           Conj/Ice/Air   36%        6-21      2%          5
 Anguish                  Hex/Necr       20%        N/A       3%          4
 Leda's Liquefaction      Hex/Erth       20%        N/A       3%          4
 Call Canine Familiar     Summ           17%        N/A       4%          3
 Swiftness                Air            17%        N/A       4%          3
 Vampiric Draining        Necr           17%        2d7       4%          3
 Dispersal                Tloc           33%        N/A       4%          6
 Brom's Barrelling Bould  Conj/Erth      31%        2d5       6%          4
 Summon Forest            Summ/Tloc      23%        N/A       6%          5
 Silence                  Hex/Air        20%        N/A       9%          5
 Simulacrum               Ice/Necr       38%        N/A       10%         6
 Eringya's Noxious Bog    Tmut/Pois      28%        4d6       12%         6
 Starburst                Conj/Fire      27%        6d9       14%         6
 Airstrike                Air            8%         2d(2-18)  16%         4
 Animate Dead             Necr           17%        N/A       16%         4
 Olgreb's Toxic Radiance  Pois           17%        N/A       16%         4
 Summon Lightning Spire   Summ/Air       17%        N/A       16%         4
 Arcjolt                  Conj/Air       15%        1d25      16%         5
 Plasma Beam              Fire/Air       21%        2x1d33    36%         6
 Agony                    Necr           17%        N/A       41%         5
 Enfeeble                 Hex            29%        N/A       45%         7
 Conjure Ball Lightning   Conj/Air       15%        3x3d6     63%         6
 Malign Gateway           Summ/Tloc      23%        N/A       85%         7
 Polar Vortex             Ice            52%        12d7*     90%         9
 Summon Cactus Giant      Summ           8%         N/A       91%         6
 Ignition                 Fire           31%        3d10      92%         8
 Haunt                    Necr/Summ      8%         N/A       100%        7
 Summon Hydra             Summ           8%         N/A       100%        7
 Infestation              Necr           8%         N/A       100%        8
 Lehudib's Crystal Spear  Conj/Erth      15%        10d5      100%        8
 Maxwell's Capacitive Co  Air            8%         ∞         100%        8
 Summon Horrible Things   Summ           8%         N/A       100%        8
 Chain Lightning          Conj/Air       15%        3d20      100%        9
 Fire Storm               Conj/Fire      27%        8d7       100%        9
 Shatter                  Erth           8%         3d10*     100%        9
 Sublimation of Blood     Necr           Unusable   N/A       N/A         2
 Animate Armour           Summ/Erth      Unusable   N/A       N/A         4

Dungeon Overview and Level Annotations

Branches:
Dungeon (15/15)            Temple (1/1) D:6            Lair (5/5) D:8
  Swamp (4/4) Lair:2        Snake (4/4) Lair:3        Slime (5/5) Lair:5
    Orc (2/2) D:11            Elf (3/3) Orc:2        Vaults (5/5) D:14
  Crypt (3/3) Vaults:3       Tomb (0/3) Crypt:3      Depths (4/4) D:15
   Hell (visited)             Dis (0/7) Hell            Geh (0/7) Hell
    Coc (0/7) Hell            Tar (4/7) Hell            Zot (5/5) Depths:4
 WizLab (visited)         Gauntlet (visited)

Altars:
Ashenzari
Cheibriados
Dithmenos
Elyvilon
Fedhas
Gozag
Hepliaklqana
Kikubaaqudgha
Makhleb
Nemelex Xobeh
Okawaru
Qazlal
Ru
Sif Muna
Trog
Uskayaw
Vehumet
Wu Jian
Xom
Yredelemnul
Zin
The Shining One
Jiyva

Shops:
D:1 ([**(   D:9 *   D:12 !   Orc:2 ?::(*   Elf:1 (   Snake:1 *?(   Vaults:3 :
Vaults:4 =   Vaults:5 !*???   Zot:1 *   Depths:4 (

Portals:
Hell: Depths:1 Depths:2 Depths:3 Depths:4
Abyss: Depths:3
Pandemonium: Depths:2 Depths:4
Ziggurat: Depths:2


Innate Abilities, Weirdness & Mutations

You are a living statue of rough stone.
Your actions are slow, but your melee attacks are powerful.
You are resistant to unholy torment.
Your maximum health is greatly increased.
You cannot wear most types of armour.
You are amphibious.
You can wear up to eight rings at the same time.
You are immune to poison.
Your skin changes colour to match your surroundings (Stealth+).
((Your rubbery body absorbs attacks. (AC +1, EV +1)))
((You are camouflaged when in or above water. (Stealth+)))
You have tentacles for arms and can constrict up to eight enemies at once.
Your body sometimes deteriorates upon taking damage.
You are strong-willed. (Will+)


Message History

The tormentor calls on the powers of darkness!
Your body is wracked with pain!
* * * LOW HITPOINT WARNING * * *
The hellion gestures at you.
The sphere of damnation explodes!
The damnation engulfs you!
* * * LOW HITPOINT WARNING * * *
The hellion gestures at you.
The sphere of damnation explodes!
The damnation engulfs you!!
* * * LOW HITPOINT WARNING * * *
Your body deteriorates!
You feel dopey.
A putrid mouth comes into view.
Okay, then.
Okay, then.
Press: ? - help, v - describe, . - travel
Here: a putrid mouth The floor.
Press: ? - help, v - describe, . - travel
Here: a hellion (summoned)
The floor.
Okay, then.
Blink to where?
Press: ? - help, Dir - move target
As you read the scroll of blinking, it crumbles to dust.
The tormentor calls on the powers of darkness!
You feel a surge of unholy energy.
As you read the scroll of teleportation, it crumbles to dust.
You feel strangely unstable.
As you read the scroll of summoning, it crumbles to dust.
Wisps of shadow whirl around you...
You feel better.
You feel yourself slow down. Something hits your silent spectre. x2
You can no longer pass through a line of other dancers.
You feel better.
The sentinel's mark upon you fades away.
Something hits your silent spectre.
Something closely misses your silent spectre.
The hellion gestures at you.
The sphere of damnation explodes!
The damnation engulfs you!!
You die...

#.....L.H. ......
#.........#
#......
#...###...1#....#
#..>. ##.2W..#
#..... #.∩.#
#.#.#####22..2#
#######..22#....#
####......#
#......
#.8#......#
...1.. #.WW..2..#
#..... #....§...#
..... #...§.#..#
..... ##########


You could see a hellion (summoned, unsilenced), a friendly putrid mouth
(summoned) and a friendly silent spectre (summoned, wandering, silencing).

Vanquished Creatures
  Cerebov (Pan)
  the Royal Jelly (Slime:5)
  Ignacio (Pan)
  Gloorx Vloq (Pan)
  Mnoleg (Pan)
  Lom Lobon (Pan)
  A seraph (Pan)
  5 dread liches
  Mennas (Vaults:4)
  4 ancient liches
  3 orbs of fire
  A juggernaut (Depths:3)
  A royal mummy (Depths:1)
  The ghost of Divoc the Warrior, a veteran GrFi of the Shining One (Crypt:3)
  Sojobo (Depths:1)
  Josephina (Crypt:2)
  Saint Roka (Depths:4)
  12 Killer Klowns
  3 curse toes (Zot:3)
  A caustic shrike (Depths:3)
  16 golden dragons
  Geryon (Hell)
  4 profane servitors
  7 bone dragons
  the Enchantress (Depths:1)
  A pearl dragon (Pan)
  3 electric golems
  2 pandemonium lords (Pan)
  5 Tzitzimimeh
  2 doom hounds
  13 Brimstone Fiends (Pan)
  2 hellephants (Depths:1)
  Zenata (Crypt:2)
  A Cloud Mage (WizLab)
  16 tentacled monstrosities
  2 walking crystal tomes (Depths:1)
  Rupert (D:12)
  2 Hell Sentinels (Pan)
  24 Orb Guardians (Zot:5)
  3 tainted leviathans (Tar:2)
  2 walking earthen tomes
  11 quicksilver dragons
  6 liches
  10 sphinxes
  6 titans
  3 deep elf master archers
  2 deep elf blademasters (Elf:3)
  A walking frostbound tome (Depths:3)
  14 acid blobs
  2 ancient champions (Crypt:3)
  16 azure jellies
  Frances (D:13)
  20 Executioners
  9 death cobs
  Agnes (Elf:1)
  4 tentacled starspawn (Abyss:3)
  Donald (Vaults:4)
  24 storm dragons
  11 tengu reavers
  A thorn hunter (Swamp:1)
  Aizul (Swamp:4)
  5 revenants
  A draconian knight (Zot:1)
  26 daevas (Pan)
  11 shadow dragons
  18 rockslimes
  3 draconian monks
  A fenstrider witch (Swamp:1)
  8 nagarajas
  7 deep elf sorcerers
  7 frost giants
  3 demonspawn warmongers (Pan)
  8 fire giants
  6 draconian scorchers
  6 iron dragons
  2 spectral juggernauts
  Louise (Swamp:3)
  A ghost moth (Zot:2)
  15 vault wardens
  5 deep elf elementalists (Elf:3)
  24 cacodemons
  4 spectral caustic shrikes
  25 balrugs
  40 angels (Pan)
  3 curse skulls
  8 ghouls
  A caustic shrike zombie (Hell)
  7 draconian shifters
  20 ironbound preservers
  15 quicksilver oozes
  28 very ugly things
  5 demonspawn blood saints (Pan)
  3 draconian stormcallers
  7 reapers
  7 spriggan defenders
  A demonspawn corrupter (Pan)
  28 ophanim
  3 juggernaut skeletons
  10 formless jellyfish
  An orc warlord (Vaults:4)
  9 war gargoyles
  4 caustic shrike skeletons
  A rockslime zombie (Crypt:3)
  8 green draconians
  23 stone giants
  6 ironbound thunderhulks
  5 draconian annihilators
  11 black draconians
  41 apis (Pan)
  12 deep elf demonologists
  4 demonspawn black suns (Pan)
  9 deep elf annihilators
  Azrael (D:15)
  5 putrid mouths
  4 eleionomae
  8 vampire knights
  8 eidola
  11 purple draconians
  9 lorocyprocas (Pan)
  14 dire elephants
  A bunyip (Swamp:2)
  14 white draconians
  6 red draconians
  15 yellow draconians
  Snorg (Lair:4)
  5 spark wasps
  A minotaur (Gauntlet)
  19 blizzard demons
  2 crystal guardians (Vaults:3)
  11 deep elf death magi
  An iron golem (Depths:1)
  14 ettins
  An entropy weaver (Vaults:2)
  A spectral quicksilver dragon (Crypt:3)
  18 green deaths
  13 yaktaur captains
  A quicksilver dragon zombie (Hell)
  A spriggan zombie (Hell)
  17 jiangshi
  Fannar (D:11)
  A shambling mangrove (Swamp:4)
  6 fire dragons
  A spectral spriggan (Tar:1)
  11 deep elf high priests
  7 ghost crabs
  2 caustic shrike simulacra (Crypt:2)
  3 peacekeepers
  A fenstrider witch zombie (Hell)
  A hell beast (Pan)
  5 ice dragons
  11 rakshasas
  37 vault guards
  13 great orbs of eyes
  16 spriggan air magi
  6 salamander tyrants
  A hydra (shapeshifter) (Vaults:5)
  5 ogre magi
  9 anacondas
  18 hydras
  13 alligators
  6 death knights
  5 spriggan skeletons
  11 ironbound frosthearts
  A fenstrider witch skeleton (Hell)
  An anaconda (shapeshifter) (Depths:3)
  9 centaur warriors
  22 dancing weapons
  14 two-headed ogres
  A catoblepas (D:13)
  12 deep troll earth magi
  8 tengu warriors
  A spectral stone giant (Tar:2)
  8 boulder beetles
  A death scarab (Depths:1)
  5 death yaks
  6 deep troll shamans
  11 spriggan berserkers
  11 vampire magi
  15 demonic crawlers (Pan)
  8 naga warriors
  8 thrashing horrors
  9 hell hogs
  An orc high priest (Elf:3)
  23 hell knights
  A titan zombie (Hell)
  9 naga sharpshooters
  7 shock serpents
  A fire crab (shapeshifter) (Abyss:1)
  21 deep elf knights
  11 spriggans
  4 skysharks
  36 soul eaters
  84 sun demons
  5 wretched stars
  A storm dragon skeleton (Depths:2)
  15 skeletal warriors
  2 titan skeletons (Pan)
  31 shadow wraiths
  2 death drakes (WizLab)
  9 salamander mystics
  16 cherubim (Pan)
  28 sixfirhies
  58 deep trolls
  3 goliath frogs
  11 iron trolls
  A spectral minotaur (Crypt:3)
  4 sea snakes (Snake:3)
  2 spatial maelstroms (Abyss:3)
  5 glowing orange brains
  4 flayed ghosts
  7 spriggan druids
  10 deep elf archers
  A spectral iron dragon (Tar:2)
  A bunyip zombie (Hell)
  53 large abominations
  10 arcanists
  A spectral hydra (Tar:1)
  8 naga ritualists
  39 phantasmal warriors
  19 lindwurms
  An obsidian statue (Zot:5)
  26 deep elf zephyrmancers
  11 swamp dragons
  20 necromancers
  A steelbarb worm (shapeshifter) (Depths:2)
  17 bog bodies
  27 ironbound convokers
  3 orc knights
  28 deep elf pyromancers
  2 mana vipers (shapeshifter)
  3 manticores (D:15)
  9 harpies
  31 ugly things
  A wolf spider (Lair:4)
  5 will-o-the-wisps
  13 mana vipers
  A spectral alligator snapping turtle (Crypt:3)
  A faun (shapeshifter) (Vaults:5)
  7 orc sorcerers
  A stone giant zombie (Crypt:2)
  10 shining eyes
  4 cyclopes
  21 salamanders
  A worldbinder (Abyss:3)
  21 moths of wrath
  An eleionoma zombie (Crypt:1)
  8 rust devils
  13 elephants
  42 black mambas
  A water nymph (shapeshifter) (Depths:4)
  A frost giant skeleton (Depths:2)
  9 naga magi
  A guardian serpent (Snake:1)
  3 iron dragon skeletons
  An elephant slug zombie (Crypt:3)
  18 vault sentinels
  2 apocalypse crabs (WizLab)
  48 smoke demons
  A gargoyle (D:14)
  A titan simulacrum (Hell)
  7 eyes of devastation
  A torpor snail (Lair:4)
  3 centaur skeletons
  15 cane toads
  A cane toad (shapeshifter) (Vaults:5)
  32 orange demons (Pan)
  6 unseen horrors
  A pale draconian zombie (Crypt:3)
  A kobold demonologist (D:13)
  A dire elephant skeleton (Crypt:1)
  3 rime drakes
  A spark wasp simulacrum (Depths:2)
  A naga skeleton (Crypt:1)
  9 yaktaurs
  16 efreet
  4 hellions
  9 komodo dragons
  8 ancient zymes
  13 freezing wraiths
  A bunyip simulacrum (Hell)
  5 tengu conjurers
  A guardian mummy (Depths:1)
  3 tormentors
  9 ice devils
  A red draconian skeleton (Crypt:3)
  A white draconian skeleton (Crypt:1)
  3 spectral nagas (Tar:2)
  A harpy zombie (Hell)
  A mana viper zombie (Crypt:3)
  2 sea snake skeletons
  A hydra zombie (Hell)
  11 tyrant leeches
  Grinder (D:4)
  2 red devils
  6 trolls
  3 polar bears
  12 hornets
  7 meliai
  2 silent spectres
  7 spectral harpies
  A tarantella (Lair:4)
  18 wind drakes
  17 hellwings (Pan)
  28 blink frogs
  11 glass eyes
  6 dream sheep (Lair:2)
  A blink frog (shapeshifter) (D:14)
  2 harpy skeletons (Pan)
  11 raiju
  An ettin zombie (Abyss:1)
  Sigmund (D:4)
  A centaur simulacrum (D:15)
  17 flying skulls
  120 slime creatures
  11 air elementals
  A fire dragon skeleton (Crypt:2)
  A dire elephant simulacrum (Hell)
  A jumping spider (Lair:4)
  4 water elementals
  8 shadows
  22 yaks
  An ettin skeleton (Pan)
  13 wraiths
  3 fire elementals (D:15)
  4 basilisks
  3 wyverns
  25 ynoxinuls
  A naga simulacrum (Crypt:2)
  4 fire bats (Pan)
  A steam dragon (Gauntlet)
  A yak (shapeshifter) (Vaults:5)
  21 starcursed masses (Abyss:3)
  4 golden eyes (Abyss:3)
  18 vampire mosquitoes
  2 redbacks (Lair:4)
  11 wargs
  18 chaos spawn
  17 neqoxecs
  A harpy simulacrum (Crypt:2)
  Menkaure (D:5)
  A glowing shapeshifter zombie (Depths:2)
  37 nagas
  3 spatial vortices (Abyss:3)
  3 acid dragons
  14 water moccasins
  An acid dragon (shapeshifter) (Abyss:1)
  17 swamp worms
  A hydra simulacrum (Hell)
  16 orc warriors
  22 hell hounds
  A hornet zombie (Crypt:3)
  3 black bears
  6 swamp drakes
  A sky beast (D:7)
  A black bear (shapeshifter) (Vaults:5)
  9 boggarts
  3 ice beasts
  19 ogres
  16 centaurs
  5 wolves (Lair:1)
  A blink frog skeleton (Crypt:2)
  2 phantoms
  2 kobold brigands (D:8)
  14 small abominations (Abyss:3)
  A draconian zombie (Crypt:2)
  A rime drake skeleton (Crypt:2)
  A komodo dragon skeleton (Crypt:2)
  19 bullfrogs
  7 necrophages
  An earth elemental (Elf:2)
  A gnoll sergeant (D:11)
  A scorpion (shapeshifter) (Vaults:5)
  A yaktaur skeleton (Crypt:1)
  14 wights
  A queen bee zombie (Crypt:2)
  8 killer bees (D:8)
  An electric eel (Snake:4)
  5 howler monkeys
  5 lava snakes
  17 jellies
  A bullfrog skeleton (Crypt:3)
  12 orc priests
  A hound (D:6)
  6 iron imps
  3 quasits (Abyss:3)
  Crazy Yiuf (D:4)
  2 gnoll boudas (D:8)
  A sleepcap (D:7)
  An iguana (D:6)
  Natasha (thrice) (D:4)
  47 orc wizards
  9 hell rats
  2 tengu skeletons
  A gnoll (shapeshifter) (Vaults:5)
  15 gnolls
  A howler monkey skeleton (Crypt:1)
  9 adders
  A swamp drake skeleton (Crypt:1)
  A shadow imp (D:7)
  3 white imps
  4 ufetubi (Abyss:3)
  An adder skeleton (Crypt:3)
  A worm (D:4)
  3 dart slugs
  106 orcs
  8 endoplasms
  5 giant cockroaches
  9 goblins
  7 hobgoblins
  4 quokkas
  10 ball pythons
  13 bats
  4 frilled lizards
  A jackal skeleton (Crypt:1)
  17 kobolds
  14 rats
  3 starspawn tentacles (Abyss:3)
3560 creatures vanquished.

Vanquished Creatures (collateral kills)
  A Killer Klown (Zot:5)
  An Orb Guardian (Zot:5)
2 creatures vanquished.

Vanquished Creatures (others)
  An eldritch tentacle (Pan)
  A fire giant (Depths:2)
  A purple draconian (Zot:4)
  3 blizzard demons
  A hydra (Swamp:4)
  A fenstrider witch simulacrum (Hell)
  A swamp dragon (Swamp:4)
  A necromancer (Hell)
  A salamander (Snake:4)
  4 apocalypse crabs (WizLab)
  A bloated husk (Swamp:4)
  A wind drake (WizLab)
  An ettin zombie (Hell)
  2 ynoxinuls (Pan)
  A chaos spawn (Pan)
  A warg (Vaults:5)
  A harpy simulacrum (Hell)
  A naga (Snake:1)
  4 swamp drakes (Swamp:4)
  4 hell rats
  An orc (Orc:2)
  A creeping inferno (Hell)
  18 foxfires
  6 starspawn tentacles (Abyss:3)
58 creatures vanquished.

Grand Total: 3620 creatures vanquished

Notes
Turn   | Place    | Note
-------+----------+-------------------------------------------
     0 | D:1      | mitkoXXVII the Octopode Ice Elementalist began the quest
                  | for the Orb.
     0 | D:1      | Reached XP level 1. HP: 11/11 MP: 3/3
    94 | D:1      | Found Tivoh's Armour Shoppe.
   100 | D:1      | Found Alisaf's Weapon Boutique.
   168 | D:1      | Reached XP level 2. HP: 15/17 MP: 3/5
   401 | D:1      | Found Litiont's General Store.
   411 | D:1      | Found Baekeito's Antique Weapon Shop.
   686 | D:1      | Found Dokloc's General Store.
   720 | D:1      | Bought a scroll of identify for 24 gold pieces
   751 | D:1      | Reached XP level 3. HP: 21/21 MP: 6/6
   802 | D:1      | Reached skill level 5 in Ice Magic
   875 | D:1      | Learned a level 3 spell: Frozen Ramparts
   959 | D:1      | Found a faded altar of an unknown god.
  1701 | D:2      | Reached XP level 4. HP: 27/27 MP: 5/7
  1734 | D:2      | Learned a level 3 spell: Ozocubu's Armour
  2899 | D:4      | Reached XP level 5. HP: 31/31 MP: 5/8
  2909 | D:4      | Noticed a phantom
  3038 | D:3      | Killed a phantom
  3039 | D:3      | Reached XP level 6. HP: 22/36 MP: 4/9
  3097 | D:4      | Noticed Grinder
  3107 | D:4      | Noticed Natasha
  3135 | D:4      | Killed Natasha
  3540 | D:4      | Paralysed by Grinder for 4 turns
  3562 | D:4      | Killed Grinder
  3563 | D:4      | Reached skill level 1 in Fighting
  3563 | D:4      | Reached skill level 1 in Short Blades
  3563 | D:4      | Reached XP level 7. HP: 39/44 MP: 2/10
  3642 | D:4      | Found a shimmering altar of Xom.
  3715 | D:4      | Noticed Natasha
  3718 | D:4      | Killed Natasha
  3719 | D:4      | Reached skill level 2 in Fighting
  4001 | D:4      | Noticed Sigmund
  4012 | D:4      | Killed Sigmund
  4060 | D:4      | Found an opulent altar of Gozag.
  4090 | D:4      | Found a snail-covered altar of Cheibriados.
  4108 | D:4      | Noticed Natasha
  4220 | D:4      | Killed Natasha
  4221 | D:4      | Reached skill level 3 in Fighting
  4284 | D:4      | Found a runed translucent door.
  4285 | D:4      | Noticed Crazy Yiuf
  4293 | D:4      | Killed Crazy Yiuf
  4294 | D:4      | Reached XP level 8. HP: 52/52 MP: 4/11
  4388 | D:5      | Entered Level 5 of the Dungeon
  4794 | D:1      | Bought a crystal orcbow for 221 gold pieces
  4794 | D:1      | Identified the +1 orcbow "Tetoozxu" {freeze, *Slow rElec
                  | rCorr MP+9} (You bought it in a shop on level 1 of the
                  | Dungeon)
  5455 | D:5      | Reached skill level 4 in Fighting
  5943 | D:5      | Noticed Menkaure
  5952 | D:5      | Killed Menkaure
  5953 | D:5      | Reached skill level 1 in Shapeshifting
  6637 | D:6      | Reached skill level 5 in Short Blades
  6637 | D:6      | Reached XP level 9. HP: 38/57 MP: 5/12
  7224 | D:6      | Found a staircase to the Ecumenical Temple.
  7335 | Temple   | Entered the Ecumenical Temple
  7346 | Temple   | Became a worshipper of Uskayaw the Reveller
  7671 | D:7      | Reached * piety under Uskayaw
  7679 | D:7      | Reached ** piety under Uskayaw
  7733 | D:7      | Reached *** piety under Uskayaw
  7821 | D:7      | Found a sparkling altar of Nemelex Xobeh.
  7979 | D:7      | Found a burning altar of Makhleb.
  8526 | D:8      | Reached skill level 5 in Fighting
  8527 | D:8      | Reached **** piety under Uskayaw
  8533 | D:8      | Reached ***** piety under Uskayaw
  8538 | D:8      | Reached ****** piety under Uskayaw
  8582 | D:8      | Found a staircase to the Lair.
  8670 | D:8      | Reached skill level 1 in Invocations
  8763 | D:8      | Reached XP level 10. HP: 66/66 MP: 4/13
  8954 | D:10     | Identified the "Muizycvo"
  8954 | IceCv    | Identified the "Zinopeh"
  8954 | Lair:1   | Entered Level 1 of the Lair of Beasts
  9428 | D:8      | Found a shadowy altar of Dithmenos.
  9428 | D:8      | Found an iron altar of Okawaru.
 10217 | D:9      | Found Biwaf's General Store.
 10263 | D:9      | Identified the +1 halberd "Moetzoin" {venom, rElec Will+}
 10309 | D:9      | Noticed a two-headed ogre
 10360 | D:10     | Entered Level 10 of the Dungeon
 10514 | Lair:1   | Reached skill level 6 in Fighting
 10910 | D:9      | Found a radiant altar of Vehumet.
 11182 | D:10     | Found a bloodstained altar of Trog.
 11319 | D:10     | Found a shimmering blue altar of Sif Muna.
 11404 | D:10     | Noticed a two-headed ogre
 11562 | D:10     | Found a white marble altar of Elyvilon.
 12232 | D:10     | Reached skill level 1 in Evocations
 12233 | D:10     | Reached skill level 1 in Throwing
 12394 | D:10     | Killed a two-headed ogre
 12395 | D:10     | Reached skill level 5 in Dodging
 12395 | D:10     | Reached skill level 5 in Shapeshifting
 12395 | D:10     | Reached XP level 11. HP: 74/74 MP: 11/17
 12613 | D:11     | Noticed Fannar
 12635 | D:11     | Killed Fannar
 12825 | D:11     | Reached skill level 7 in Fighting
 13171 | D:11     | You fall into a shaft and drop 2 floors!
 13177 | D:13     | Found a frozen archway.
 13199 | D:13     | Noticed a two-headed ogre
 13299 | D:13     | Reached skill level 1 in Shields
 13344 | D:12     | Noticed Rupert
 13445 | D:11     | Identified the +6 war axe "Gram" {pain, rN+ rCorr Int-4}
 13496 | D:11     | Noticed a two-headed ogre
 13522 | D:11     | Killed a two-headed ogre
 13708 | D:11     | Found a staircase to the Orcish Mines.
 13924 | D:9      | Killed a two-headed ogre
 14078 | Orc:1    | Entered Level 1 of the Orcish Mines
 14082 | Orc:1    | Noticed an orc sorcerer
 14097 | Orc:1    | Killed an orc sorcerer
 14756 | Orc:2    | Entered Level 2 of the Orcish Mines
 14916 | Orc:2    | Noticed an orc sorcerer
 14989 | Orc:2    | Noticed an orc sorcerer
 14998 | Orc:2    | Killed an orc sorcerer
 15007 | Orc:2    | Killed an orc sorcerer
 15023 | Orc:2    | Noticed an orc sorcerer
 15027 | Orc:2    | Noticed an orc sorcerer
 15036 | Orc:2    | Killed an orc sorcerer
 15037 | Orc:2    | Reached XP level 12. HP: 77/81 MP: 1/18
 15188 | Orc:2    | Found Kulasiakh's Assorted Antiques.
 15197 | Orc:2    | Reached skill level 10 in Short Blades
 15281 | Orc:2    | Found Xinobaf's Weapon Boutique.
 15456 | Orc:2    | Found Astruse's Book Boutique.
 15534 | Orc:2    | Found Kigiff's Book Emporium.
 15602 | Orc:2    | Found Ujiehau's Magic Scroll Emporium.
 15667 | Orc:2    | Bought a scroll of enchant weapon for 105 gold pieces
 15911 | Orc:2    | Found a staircase to the Elven Halls.
 16154 | D:9      | Bought the +2 shield of Resistance {rF++ rC++ Will++} for
                  | 987 gold pieces
 16154 | D:9      | Found the +2 shield of Resistance {rF++ rC++ Will++}
 17139 | Lair:1   | Reached skill level 5 in Shields
 18037 | Lair:1   | Found the +8 whip "Snakebite" {venom, curare, rPois}
 18223 | Lair:2   | Reached skill level 10 in Shapeshifting
 18249 | Lair:2   | Reached XP level 13. HP: 84/86 MP: 12/19
 18649 | Lair:2   | Noticed an eleionoma
 18820 | Lair:2   | Found a staircase to the Swamp.
 18837 | Lair:2   | Killed an eleionoma
 19345 | Lair:3   | Reached skill level 10 in Shields
 19499 | Lair:3   | Reached skill level 8 in Fighting
 19519 | Lair:3   | Found a staircase to the Snake Pit.
 19770 | Lair:3   | Learned a level 2 spell: Lesser Beckoning
 20196 | Lair:4   | Found a gate leading to a gauntlet.
 20209 | Gauntlet | Entered a Gauntlet
 20209 | Gauntlet | Found a transporter.
 20209 | Gauntlet | Found a transporter.
 20225 | Gauntlet | Found a transporter.
 20228 | Gauntlet | Found a transporter.
 20238 | Gauntlet | Found a transporter.
 20240 | Gauntlet | Found a transporter.
 20244 | Gauntlet | Found a runed translucent door.
 20244 | Gauntlet | Found a runed translucent door.
 20248 | Gauntlet | Found a transporter.
 20267 | Gauntlet | Found a transporter.
 20284 | Gauntlet | Found a transporter.
 20288 | Gauntlet | Found a transporter.
 20296 | Gauntlet | Found a transporter.
 20300 | Gauntlet | Found a transporter.
 20478 | Gauntlet | Reached skill level 1 in Translocations
 20564 | Gauntlet | Identified the amulet "Qugen" {RegenMP -Tele rF+++ Dex+3
                  | Stlth+}
 20603 | Gauntlet | Noticed a minotaur
 20619 | Gauntlet | Killed a minotaur
 20936 | Lair:4   | Noticed Snorg
 20956 | Lair:4   | Killed Snorg
 21050 | Lair:4   | Found a snail-covered altar of Cheibriados.
 21309 | Lair:4   | Found a runed translucent door.
 21375 | Lair:4   | Reached XP level 14. HP: 86/95 MP: 20/20
 21415 | Lair:4   | Found a runed translucent gate.
 21415 | Lair:4   | Found a runed translucent gate.
 21415 | Lair:4   | Found a runed translucent gate.
 21415 | Lair:4   | Found a runed translucent gate.
 21415 | Lair:4   | Found a runed translucent gate.
 21415 | Lair:4   | Found a runed translucent gate.
 21672 | Lair:4   | Reached skill level 9 in Fighting
 22046 | Lair:5   | Entered Level 5 of the Lair of Beasts
 22507 | Lair:5   | Reached skill level 5 in Translocations
 22811 | Lair:5   | Reached skill level 10 in Fighting
 22969 | Lair:5   | Identified the +7 hand axe of Twilight {flame, Str+3 Dex+5}
 23310 | Lair:5   | Reached XP level 15. HP: 89/103 MP: 21/21
 23478 | Lair:5   | Found a staircase to the Slime Pits.
 23478 | Lair:5   | Found a viscous altar of Jiyva.
 24034 | D:12     | Killed Rupert
 24330 | D:12     | Found an iron altar of Okawaru.
 24333 | D:12     | Identified the +2 robe "Xaog Road" {rPois rCorr Int-5}
 24378 | D:12     | Found Rozxij's Distillery.
 24498 | D:12     | Learned a level 4 spell: Passage of Golubria
 25159 | D:13     | Noticed Frances
 25179 | D:13     | Killed Frances
 25587 | D:14     | Identified the ring of Nestruo {rPois rF+ Will+ Dex+3 SInv}
 26051 | D:14     | Identified a scroll of acquirement
 26052 | D:14     | Identified the of Kitseg Heu (You acquired it on level 14
                  | of the Dungeon)
 26052 | D:14     | Acquired the ring of the Komtur {Str+3 Dex+6}
 26089 | D:14     | Reached skill level 10 in Dodging
 26166 | D:14     | Found a gate to the Vaults.
 26557 | D:15     | Entered Level 15 of the Dungeon
 26820 | D:15     | Found a shimmering blue altar of Sif Muna.
 27101 | D:15     | Noticed Azrael
 27115 | D:15     | Killed Azrael
 27449 | D:15     | Reached XP level 16. HP: 109/109 MP: 22/22
 27705 | D:15     | Found a staircase to the Depths.
 28254 | Snake:1  | Entered Level 1 of the Snake Pit
 28562 | Snake:1  | Found Nogug's Weapon Emporium.
 28566 | Snake:1  | Found Tassobio's Magic Scroll Shoppe.
 28567 | Snake:1  | Found Hyiruuga's General Store.
 28634 | Snake:1  | Bought a scroll of enchant armour for 112 gold pieces
 28745 | Snake:1  | Bought a scroll of blinking for 112 gold pieces
 29136 | Snake:1  | Reached skill level 10 in Translocations
 29363 | Snake:1  | Reached skill level 5 in Stealth
 30377 | Snake:2  | Noticed a nagaraja
 30391 | Snake:2  | Killed a nagaraja
 30923 | Snake:2  | You fall into a shaft and drop 1 floor!
 31352 | Snake:3  | Identified the +4 war axe "Etenosimp" {drain, Str+3 Int+4}
 31525 | Snake:2  | Reached skill level 5 in Invocations
 31740 | Snake:2  | Reached skill level 10 in Ice Magic
 31911 | Snake:3  | Reached skill level 11 in Fighting
 32223 | Snake:3  | Reached XP level 17. HP: 113/117 MP: 23/23
 32566 | Snake:4  | Entered Level 4 of the Snake Pit
 32834 | Snake:4  | Reached skill level 12 in Fighting
 33820 | Snake:4  | Learned a level 3 spell: Inner Flame
 34142 | Snake:4  | Reached skill level 1 in Fire Magic
 34330 | Snake:4  | Reached skill level 1 in Hexes
 34696 | Snake:4  | Got a serpentine rune of Zot
 35060 | Swamp:1  | Identified the "Owkegh"
 35060 | Swamp:1  | Entered Level 1 of the Swamp
 35134 | Swamp:1  | Reached skill level 13 in Fighting
 35227 | Swamp:1  | Learned a level 3 spell: Dazzling Flash
 35492 | Swamp:1  | Reached skill level 1 in Conjurations
 35549 | Swamp:1  | Learned a level 3 spell: Hailstorm
 35690 | Swamp:1  | Reached skill level 10 in Invocations
 35940 | Swamp:2  | Reached XP level 18. HP: 126/128 MP: 18/25
 36401 | Swamp:2  | Identified the +0 scale mail of Polytheism {rF++ Will+++
                  | MP+9 Int-3}
 36860 | Swamp:3  | Noticed Louise
 36873 | Swamp:3  | Killed Louise
 36991 | Swamp:3  | Reached skill level 5 in Hexes
 37198 | Swamp:3  | Found a blossoming altar of Fedhas.
 37212 | Swamp:3  | Reached skill level 14 in Fighting
 37724 | Swamp:4  | Entered Level 4 of the Swamp
 37952 | Swamp:4  | Reached skill level 5 in Conjurations
 38288 | Swamp:4  | Identified the serpent talisman of the Wereyak {rF+ Int+2}
 38288 | Swamp:4  | Noticed Aizul
 38301 | Swamp:4  | Killed Aizul
 38645 | Swamp:4  | Got a decaying rune of Zot
 38693 | Swamp:4  | Reached skill level 5 in Fire Magic
 39242 | WizLab   | Identified the "Lyir"
 39242 | Crypt:3  | Identified the "Isoxipru"
 39242 | Depths:2 | Identified the "Ovoubam"
 39242 | Elf:1    | Identified the "Iddung"
 39242 | Elf:1    | Entered Level 1 of the Elven Halls
 39265 | Elf:1    | Reached skill level 5 in Evocations
 39464 | Elf:1    | Found Unujoqit's Weapon Boutique.
 39653 | Elf:1    | Reached XP level 19. HP: 60/136 MP: 26/26
 40216 | Elf:1    | Identified the +8 rapier "Gafonaor" {freeze, rF+ rC+ Int+3
                  | Dex-5}
 40223 | Elf:1    | Noticed Agnes
 40237 | Elf:1    | Killed Agnes
 41124 | Elf:2    | Found a huge runed translucent gate.
 41124 | Elf:2    | Found a huge runed translucent gate.
 41124 | Elf:2    | Found a huge runed translucent gate.
 41125 | Elf:2    | Found a huge runed translucent gate.
 41127 | Elf:2    | Found a huge runed translucent gate.
 43644 | Elf:2    | Reached skill level 15 in Shields
 44205 | Elf:3    | Identified the "Buqaulee"
 44205 | Elf:3    | Identified the "Xaum"
 44205 | Elf:3    | Entered Level 3 of the Elven Halls
 44995 | Elf:3    | Identified the ring "Anuegi" {rElec rF+++ rC- rCorr SInv}
 45075 | Elf:3    | Identified the amulet "Ikicraedgh" {Spirit -Tele Fly rF+++
                  | SInv}
 45075 | Elf:3    | Identified the +8 falchion of Myij {freeze, rPois rF+ MP-9
                  | SInv}
 45088 | Elf:3    | Noticed an Ice Fiend
 45293 | Elf:3    | Identified the ring "Seidim" {Fly rN+}
 45360 | Elf:3    | Reached XP level 20. HP: 110/141 MP: 24/27
 45772 | Elf:3    | Found the -2 hat of the Alchemist {rElec rPois rF+ rC+ rN+
                  | Will+ rMut rCorr}
 46293 | Vaults:1 | Entered Level 1 of the Vaults
 47114 | Vaults:1 | Reached skill level 5 in Spellcasting
 47865 | Vaults:1 | Identified the +11 flail "Warugriadd" {drain, rElec rCorr
                  | Dex+2}
 48945 | Vaults:2 | Reached XP level 21. HP: 122/148 MP: 27/33
 49867 | Vaults:2 | Reached skill level 15 in Shapeshifting
 50942 | Vaults:3 | Identified the +0 quarterstaff of Equivalence {holy, Int+3}
 51527 | Vaults:3 | Found Fomaunt's Book Boutique.
 51619 | Vaults:3 | Found a staircase to the Crypt.
 51619 | Vaults:3 | Found an ancient bone altar of Kikubaaqudgha.
 51619 | Vaults:3 | Found a basalt altar of Yredelemnul.
 52102 | Vaults:4 | Found Kuviymy's Jewellery Shoppe.
 52406 | Vaults:4 | Acquired 444 gold pieces
 52464 | Vaults:3 | Bought an Inescapable Atlas for 192 gold pieces
 52467 | Vaults:3 | Learned a level 2 spell: Blink
 52467 | Vaults:3 | Acquired 428 gold pieces
 52501 | Crypt:1  | Entered Level 1 of the Crypt
 52528 | Crypt:1  | Reached XP level 22. HP: 154/154 MP: 30/34
 52614 | Crypt:1  | Found a magical portal.
 52620 | WizLab   | Entered The Chambers of the Cloud Mage
 52646 | WizLab   | Paralysed by an air elemental for 1 turns
 52651 | WizLab   | Paralysed by an air elemental for 1 turns
 52780 | WizLab   | Paralysed by an air elemental for 1 turns
 52888 | WizLab   | Identified the ring of Ecoc {EV+5 Str-3 Int+6}
 52900 | WizLab   | Identified the ring of Ignis's Displeasure {Will+ Dex+3}
 53277 | Crypt:1  | Identified the +11 crystal plate armour of the Pink Corner
                  | {Slay+2}
 53878 | Vaults:4 | Noticed Mennas
 53890 | Vaults:4 | Killed Mennas
 53891 | Vaults:4 | Reached skill level 15 in Fighting
 54042 | Vaults:4 | Reached skill level 1 in Long Blades
 54247 | Vaults:4 | Noticed Donald
 54259 | Vaults:4 | Killed Donald
 54653 | Vaults:4 | Upgraded the game from 0.31-a0-996-g3b49de5836 to
                  | 0.31-a0-1001-g770356a28f
 54958 | Depths:1 | Entered Level 1 of the Depths
 55070 | Depths:1 | Reached skill level 5 in Long Blades
 55179 | Depths:1 | Reached skill level 16 in Fighting
 55813 | Depths:1 | Noticed the Enchantress
 55837 | Depths:1 | Killed the Enchantress
 55948 | Depths:1 | Reached XP level 23. HP: 165/165 MP: 26/35
 55987 | Depths:1 | Found a gateway to Hell.
 56067 | Depths:1 | Found a large runed translucent door.
 56069 | Depths:1 | Found a large runed translucent door.
 56194 | Depths:1 | Noticed a royal mummy
 56209 | Depths:1 | Killed a royal mummy
 56216 | Depths:1 | Reached skill level 10 in Long Blades
 56360 | Depths:1 | Noticed Sojobo
 56391 | Depths:1 | Paralysed by an air elemental for 1 turns
 56404 | Depths:1 | Killed Sojobo
 56583 | Depths:1 | Identified the +2 flail of Dithmenos's Fury {freeze,
                  | Fragile rF+ Str+4}
 56621 | Depths:1 | Found the +3 giant club "Skullcrusher" {speed, Str+7}
 57178 | Depths:2 | Identified the +9 chain mail "Cozo" {Str+3}
 57182 | Depths:2 | Found a one-way gateway to a ziggurat.
 57438 | Depths:2 | Found the +3 salamander hide armour {Flames, rFlCloud rF++
                  | rC--}
 57487 | Depths:2 | Identified the +6 scimitar "Haiteod" {drain, rCorr Str+3
                  | SInv}
 57780 | Depths:2 | Found a one-way gate leading to the halls of Pandemonium.
 58119 | Depths:3 | Reached XP level 24. HP: 171/171 MP: 28/35
 58130 | Depths:3 | Noticed a caustic shrike
 58136 | Depths:3 | Killed a caustic shrike
 58143 | Depths:3 | Noticed a juggernaut
 58145 | Depths:3 | Killed a juggernaut
 58321 | Depths:3 | Identified the +2 chain mail of Hedge Wizardry {rElec}
 58388 | Depths:3 | Found a bloodstained altar of Trog.
 58592 | Depths:3 | Found a one-way gate to the infinite horrors of the Abyss.
 58644 | Depths:3 | Identified the staff "Bapte" {rN+ Conj}
 59176 | Hell     | Entered the Vestibule of Hell
 59176 | Hell     | Noticed Geryon
 59227 | Depths:4 | Entered Level 4 of the Depths
 59344 | Depths:4 | Found Gicismo's Antique Weapon Shop.
 59627 | Depths:4 | Noticed Saint Roka
 59704 | Depths:4 | Killed Saint Roka
 59751 | Depths:4 | Found a gate to the Realm of Zot.
 60222 | Depths:3 | Voluntarily entered the Abyss.
 60403 | Abyss:1  | Found a corrupted altar of Lugonu.
 60685 | Abyss:3  | Reached XP level 25. HP: 177/177 MP: 27/35
 60864 | Abyss:3  | Found a corrupted altar of Lugonu.
 60976 | Abyss:3  | Reached skill level 10 in Evocations
 60985 | Abyss:3  | Got an abyssal rune of Zot
 61088 | Abyss:3  | Paralysed by accursed screaming for 1 turns
 61097 | Abyss:3  | Found a corrupted altar of Lugonu.
 61204 | Depths:3 | Escaped the Abyss
 61266 | Zot:1    | Entered Level 1 of the Realm of Zot
 61673 | Zot:1    | Found Eche's CLEARANCE SALE!.
 61677 | Zot:1    | Bought 2 potions of heal wounds for 70 gold pieces
 63028 | Zot:3    | Reached skill level 15 in Ice Magic
 63073 | Zot:3    | Noticed a Killer Klown
 63087 | Zot:3    | Killed a Killer Klown
 63088 | Zot:3    | Reached XP level 26. HP: 183/183 MP: 29/35
 64270 | Zot:4    | Noticed an orb of fire
 64277 | Zot:4    | Gained mutation: You are dopey. (Int -2) [an orb of fire]
 64292 | Zot:4    | Killed an orb of fire
 64306 | Zot:4    | Lost mutation: You are dopey. (Int -2) [potion of mutation]
 64306 | Zot:4    | Gained mutation: Your body sometimes deteriorates upon
                  | taking damage. [potion of mutation]
 64307 | Zot:4    | Lost mutation: Your body sometimes deteriorates upon taking
                  | damage. [potion of mutation]
 64307 | Zot:4    | Gained mutation: Your system is resistant to poisons.
                  | (rPois) [potion of mutation]
 64307 | Zot:4    | Gained mutation: Your body sometimes deteriorates upon
                  | taking damage. [potion of mutation]
 64307 | Zot:4    | Gained mutation: Your body often deteriorates upon taking
                  | damage. [potion of mutation]
 64308 | Zot:4    | Lost mutation: Your body often deteriorates upon taking
                  | damage. [potion of mutation]
 64308 | Zot:4    | Lost mutation: Your body sometimes deteriorates upon taking
                  | damage. [potion of mutation]
 64308 | Zot:4    | Gained mutation: Your muscles are strong. (Str +4, Int/Dex
                  | -1) [potion of mutation]
 64764 | Zot:4    | Reached skill level 15 in Dodging
 64815 | Zot:5    | Entered Level 5 of the Realm of Zot
 65823 | Zot:5    | Noticed a Killer Klown
 66155 | Zot:5    | Killed a Killer Klown
 66232 | Zot:5    | Noticed a Killer Klown
 66236 | Zot:5    | Noticed a dread lich
 66245 | Zot:5    | Noticed an ancient lich
 66246 | Zot:5    | Noticed a Killer Klown
 66248 | Zot:5    | Killed a dread lich
 66249 | Zot:5    | Killed an ancient lich
 66262 | Zot:5    | Noticed a Killer Klown
 66292 | Zot:5    | Killed a Killer Klown
 66307 | Zot:5    | Killed a Killer Klown
 66307 | Zot:5    | Noticed an orb of fire
 66308 | Zot:5    | Killed an orb of fire
 66397 | Zot:5    | Noticed a Killer Klown
 66398 | Zot:5    | Noticed a Killer Klown
 66398 | Zot:5    | Noticed a dread lich
 66417 | Zot:5    | Killed a dread lich
 66422 | Zot:5    | Killed a Killer Klown
 66428 | Zot:5    | Killed a Killer Klown
 66496 | Zot:5    | Noticed a Killer Klown
 66507 | Zot:5    | Killed a Killer Klown
 66508 | Zot:5    | Reached XP level 27. HP: 189/189 MP: 25/35
 66759 | Zot:5    | Noticed an orb of fire
 66822 | Zot:5    | Killed an orb of fire
 67085 | Zot:5    | Gained mutation: Your body sometimes deteriorates upon
                  | taking damage. [mutagenic glow]
 67109 | Zot:5    | Gained mutation: You sometimes lose your temper in combat.
                  | [mutagenic glow]
 68073 | Crypt:2  | Noticed Zenata
 68085 | Crypt:2  | Killed Zenata
 68137 | Crypt:2  | Identified the staff "Ibeec" {Fragile rPois rC+ Str+3 Ice}
 68137 | Crypt:2  | Identified the ring of Witui {Ice Str+4 Int+3}
 68137 | Crypt:2  | Noticed Josephina
 68148 | Crypt:2  | Killed Josephina
 68201 | Crypt:2  | Learned a level 4 spell: Manifold Assault
 68494 | Crypt:2  | Lost mutation: You sometimes lose your temper in combat.
                  | [potion of mutation]
 68494 | Crypt:2  | Lost mutation: Your body sometimes deteriorates upon taking
                  | damage. [potion of mutation]
 68494 | Crypt:2  | Gained mutation: You are frail. (-10% HP) [potion of
                  | mutation]
 69336 | Crypt:3  | Entered Level 3 of the Crypt
 69435 | Crypt:3  | Reached skill level 10 in Stealth
 69602 | Crypt:3  | Found an ancient bone altar of Kikubaaqudgha.
 69988 | Crypt:3  | Learned a level 2 spell: Wereblood
 70081 | Crypt:3  | Reached skill level 1 in Transmutations
 70359 | Crypt:3  | Found a staircase to the Tomb.
 70427 | Crypt:3  | Found a runed translucent gate.
 70428 | Crypt:3  | Found a runed translucent gate.
 70429 | Crypt:3  | Found a runed translucent gate.
 70431 | Crypt:3  | Noticed Divoc's ghost (veteran GrFi)
 70456 | Crypt:3  | Killed Divoc's ghost
 70918 | Vaults:5 | Entered Level 5 of the Vaults
 70937 | Vaults:5 | Reached skill level 5 in Transmutations
 71322 | Vaults:5 | Noticed an ancient lich
 71342 | Vaults:5 | Killed an ancient lich
 71365 | Vaults:5 | Got a silver rune of Zot
 71387 | Vaults:5 | Identified the +0 plate armour "Efomud Etri" {Fly rF- rN+}
 71434 | Vaults:5 | Identified the ring "Kocaump" {Wiz Dex+8}
 71439 | Vaults:5 | Noticed a dread lich
 71446 | Vaults:5 | Killed a dread lich
 71480 | Vaults:5 | Reached skill level 10 in Transmutations
 71585 | Vaults:5 | Found Pair's Assorted Antiques.
 71656 | Vaults:5 | Bought a wand of roots (2) for 129 gold pieces
 71656 | Vaults:5 | Bought a potion of brilliance for 108 gold pieces
 71656 | Vaults:5 | Bought a twisted arbalest for 256 gold pieces
 71656 | Vaults:5 | Identified the +6 arbalest "mitkoXXVII's Doom" {antimagic,
                  | rElec Dex+3} (You bought it in a shop on level 5 of the
                  | Vaults)
 71711 | Vaults:5 | Noticed a dread lich
 71720 | Vaults:5 | Killed a dread lich
 71790 | Vaults:5 | Noticed a dread lich
 71796 | Vaults:5 | Killed a dread lich
 71899 | Vaults:5 | Found Luohiu's Magic Scroll Shop.
 71917 | Vaults:5 | Found Gopimea's Magic Scroll Shoppe.
 71918 | Vaults:5 | Bought a scroll of silence for 180 gold pieces
 71918 | Vaults:5 | Bought a scroll of teleportation for 57 gold pieces
 71925 | Vaults:5 | Bought a scroll of silence for 180 gold pieces
 71925 | Vaults:5 | Bought a scroll of revelation for 142 gold pieces
 71925 | Vaults:5 | Bought a scroll of fear for 76 gold pieces
 71925 | Vaults:5 | Bought a scroll of revelation for 142 gold pieces
 72184 | Vaults:5 | Found the +3 pair of mountain boots {steadfast, rC+}
 72187 | Vaults:5 | Found Soungu's Distillery.
 72203 | Vaults:5 | Identified the +4 shortbow of Honour {heavy, rPois Str+4}
 72233 | Vaults:5 | Bought a potion of mutation for 176 gold pieces
 72233 | Vaults:5 | Bought a potion of curing for 66 gold pieces
 72233 | Vaults:5 | Bought a potion of curing for 66 gold pieces
 72233 | Vaults:5 | Bought a potion of mutation for 176 gold pieces
 72380 | Vaults:5 | Found Naost's Magic Scroll Emporium.
 72384 | Vaults:5 | Bought a scroll of teleportation for 39 gold pieces
 72384 | Vaults:5 | Bought a scroll of enchant weapon for 97 gold pieces
 72384 | Vaults:5 | Bought a scroll of fog for 52 gold pieces
 72384 | Vaults:5 | Bought a scroll of revelation for 97 gold pieces
 72384 | Vaults:5 | Bought 2 scrolls of blinking for 195 gold pieces
 72384 | Vaults:5 | Bought a scroll of blinking for 97 gold pieces
 72909 | D:12     | Bought a potion of curing for 45 gold pieces
 72909 | D:12     | Bought a potion of resistance for 150 gold pieces
 72909 | D:12     | Bought a potion of curing for 45 gold pieces
 72909 | D:12     | Bought a potion of cancellation for 120 gold pieces
 72909 | D:12     | Bought a potion of heal wounds for 75 gold pieces
 72986 | D:9      | Bought a scroll of silence for 133 gold pieces
 72986 | D:9      | Bought a potion of might for 56 gold pieces
 73117 | Orc:2    | Bought a potion of curing for 99 gold pieces
 73117 | Orc:2    | Bought a potion of might for 132 gold pieces
 73117 | Orc:2    | Bought a scroll of teleportation for 99 gold pieces
 73155 | Orc:2    | Bought a scroll of summoning for 133 gold pieces
 73155 | Orc:2    | Bought a scroll of teleportation for 42 gold pieces
 73421 | Snake:1  | Bought a scroll of teleportation for 36 gold pieces
 73426 | Snake:1  | Bought a scroll of revelation for 112 gold pieces
 73426 | Snake:1  | Bought a scroll of revelation for 112 gold pieces
 73426 | Snake:1  | Bought a scroll of teleportation for 45 gold pieces
 73426 | Snake:1  | Bought a scroll of revelation for 112 gold pieces
 73426 | Snake:1  | Bought a scroll of fear for 60 gold pieces
 73822 | Zot:1    | Bought a scroll of teleportation for 21 gold pieces
 74201 | D:1      | Bought a potion of curing for 30 gold pieces
 74201 | D:1      | Bought a scroll of fog for 40 gold pieces
 74201 | D:1      | Bought a potion of invisibility for 80 gold pieces
 74467 | Slime:1  | Entered Level 1 of the Pits of Slime
 74676 | Slime:2  | Found a viscous altar of Jiyva.
 76131 | Slime:5  | Identified the of Dasuifah
 76131 | Slime:5  | Entered Level 5 of the Pits of Slime
 76274 | Slime:5  | Reached skill level 10 in Spellcasting
 76274 | Slime:5  | Gained mutation: You are dopey. (Int -2) [a shining eye]
 76325 | Slime:5  | Noticed the Royal Jelly
 76457 | Slime:5  | Killed the Royal Jelly
 76757 | Slime:5  | Got a slimy rune of Zot
 76763 | Slime:5  | Identified the amulet "Xeizie" {Reflect Str+2 SH+5}
 76804 | Slime:5  | Identified the +8 mace of Spite {antimagic, rElec Will+
                  | Int-4}
 76863 | Slime:5  | Identified the +6 dagger "Itoff" {heavy, Fly rF+ rN+}
 76871 | Slime:5  | Identified the +7 short sword of Lomeib {freeze, rF+ Will+
                  | MP-9 Int+3}
 78520 | Hell     | Killed Geryon
 78619 | Hell     | Found a gateway to the decaying netherworld of Tartarus.
 78676 | Hell     | Found a gateway to the freezing wastes of Cocytus.
 78743 | Hell     | Found a gateway to the Iron City of Dis.
 78801 | Hell     | Found a gateway to the ashen valley of Gehenna.
 78926 | Depths:1 | Lost mutation: Your system is resistant to poisons. (rPois)
                  | [potion of mutation]
 78926 | Depths:1 | Lost mutation: You are dopey. (Int -2) [potion of mutation]
 78926 | Depths:1 | Gained mutation: You are clumsy. (Dex -2) [potion of
                  | mutation]
 78926 | Depths:1 | Gained mutation: Your spells are a little easier to cast,
                  | but a little less powerful. [potion of mutation]
 78926 | Depths:1 | Gained mutation: You are dopey. (Int -2) [potion of
                  | mutation]
 78926 | Depths:1 | Lost mutation: You are dopey. (Int -2) [potion of mutation]
 78927 | Depths:1 | Lost mutation: Your muscles are strong. (Str +4, Int/Dex
                  | -1) [potion of mutation]
 78927 | Depths:1 | Lost mutation: Your spells are a little easier to cast, but
                  | a little less powerful. [potion of mutation]
 78927 | Depths:1 | Lost mutation: You are clumsy. (Dex -2) [potion of
                  | mutation]
 78927 | Depths:1 | Gained mutation: You are dopey. (Int -2) [potion of
                  | mutation]
 78928 | Depths:1 | Lost mutation: You are dopey. (Int -2) [potion of mutation]
 78928 | Depths:1 | Lost mutation: You are frail. (-10% HP) [potion of
                  | mutation]
 78928 | Depths:1 | Gained mutation: You are strong-willed. (Will+) [potion of
                  | mutation]
 79093 | Tomb:3   | Identified the "Xass"
 79093 | Tar:7    | Identified the "Zaril"
 79093 | Coc:7    | Identified the of Viekideu
 79093 | Dis:7    | Identified the "Lubanir"
 79093 | Geh:7    | Identified the "Buapn"
 79093 | Pan      | Entered the realm of Mnoleg.
 79093 | Pan      | Entered Pandemonium
 79136 | Pan      | Found an exit through the horrors of the Abyss.
 79313 | Pan      | Learned a level 1 spell: Apportation
 79343 | Pan      | Identified the +5 chain mail "Neniemon" {+Inv rC+ rCorr
                  | Str-5}
 79571 | Pan      | Gained mutation: Your body sometimes deteriorates upon
                  | taking damage. [a cacodemon]
 79823 | Pan      | Noticed Mnoleg
 79857 | Pan      | Killed Mnoleg
 79941 | Pan      | Got a glowing rune of Zot
 80172 | Pan      | Reached skill level 15 in Transmutations
 80177 | Pan      | Noticed Kaifem the pandemonium lord
 80180 | Pan      | HP: 12/245 [Brimstone Fiend/damnation (41)]
 80492 | Pan      | Found an exit through the horrors of the Abyss.
 80727 | Pan      | Killed Kaifem the pandemonium lord
 81501 | Pan      | Entered the realm of Lom Lobon.
 81741 | Pan      | Found an exit through the horrors of the Abyss.
 81754 | Pan      | Noticed Ignacio
 81762 | Pan      | Killed Ignacio
 82429 | Pan      | Reached skill level 17 in Fighting
 82668 | Pan      | Noticed Lom Lobon
 82670 | Pan      | Killed Lom Lobon
 82697 | Pan      | Got a magical rune of Zot
 82799 | Pan      | Reached skill level 18 in Fighting
 83083 | Pan      | Noticed Ymmigy the pandemonium lord
 83086 | Pan      | Killed Ymmigy the pandemonium lord
 83093 | Pan      | Reached skill level 19 in Fighting
 83201 | Pan      | Got a demonic rune of Zot
 83288 | Pan      | Identified the of Rekhiff (You acquired it in Pandemonium)
 83365 | Pan      | Identified the of Xiogo
 83500 | Pan      | Found a white marble altar of Elyvilon.
 83786 | Pan      | Reached skill level 20 in Fighting
 84392 | Pan      | Reached skill level 21 in Fighting
 84881 | Pan      | Identified the +7 tower shield of Greater Demons {Dex+3}
 85092 | Pan      | Found a glowing silver altar of Zin.
 85315 | Pan      | Identified the +7 tower shield "Iphionomm" {rElec rF+
                  | Str-5}
 85322 | Pan      | Reached skill level 22 in Fighting
 85505 | Pan      | Identified the +5 tower shield "Cuep" {+Inv rN+++ MP+9
                  | Dex-4}
 86372 | Pan      | Reached skill level 23 in Fighting
 86381 | Pan      | Noticed a seraph
 86383 | Pan      | Killed a seraph
 86383 | Pan      | Found a glowing golden altar of the Shining One.
 86442 | Pan      | Identified the +0 ring mail of Boredom {Str+4}
 86444 | Pan      | Identified the +1 cloak "Yfaxteg" {rN+++ MP-9 Int+5}
 86968 | Pan      | Identified the of Qymp
 87077 | Pan      | Identified the +0 cloak of Ignis's Displeasure {rC+ Stlth+}
 87114 | Pan      | Reached skill level 24 in Fighting
 87191 | Pan      | Noticed Rexkataosyr the pandemonium lord
 87345 | Pan      | Identified the of Viofunlo
 87345 | Pan      | Identified the "Ceuh"
 87345 | Pan      | Entered the realm of Cerebov.
 88629 | Pan      | Identified the ring "Byosh" {rC+ rN+ Int+5}
 88662 | Pan      | Reached skill level 25 in Fighting
 88678 | Pan      | Identified the +10 great sword of the Bedazzling King
                  | {freeze, rF++ Str+3 Int+3 Stlth-}
 88701 | Pan      | Found the +6 sword of Cerebov {flame}
 88701 | Pan      | Noticed Cerebov
 89309 | Pan      | Killed Cerebov
 89545 | Pan      | Identified the ring "Quorphimy" {Ice Fly Str+2}
 89556 | Pan      | Acquired 815 gold pieces
 89572 | Pan      | Identified the ring "Camem" {Will+ Str+2}
 89607 | Pan      | Identified the staff "Beastbane" {rC+ Int+5 Ice}
 89674 | Pan      | Identified the +3 scimitar "Orb Guardian's Peril" {drain,
                  | rF+ rC+ Int+2}
 89746 | Pan      | Got a fiery rune of Zot
 89769 | Pan      | Reached skill level 26 in Fighting
 89872 | Pan      | Entered the realm of Gloorx Vloq.
 90040 | Pan      | Found an exit through the horrors of the Abyss.
 90181 | Pan      | Reached skill level 15 in Long Blades
 90498 | Pan      | Noticed Gloorx Vloq
 90509 | Pan      | Killed Gloorx Vloq
 90583 | Pan      | Got a dark rune of Zot
 90702 | Pan      | Took an exit into the Abyss.
 90702 | Abyss:3  | Escaped into the Abyss
 90800 | Abyss:3  | Paralysed by accursed screaming for 1 turns
 90875 | Abyss:3  | Found a corrupted altar of Lugonu.
 91072 | Depths:2 | Escaped the Abyss
 92251 | Vaults:4 | Bought the ring "Ruliuv" {rF+ rC+ SInv} for 691 gold pieces
 92599 | Tar:1    | Entered Level 1 of Tartarus
 92655 | Tar:1    | Reached skill level 27 in Fighting
 93013 | Tar:2    | Noticed an ancient lich
 93047 | Tar:2    | Killed an ancient lich
 93647 | Tar:4    | Noticed an ancient lich
 93647 | Tar:4    | Noticed a dread lich
 93647 | Tar:4    | Noticed a dread lich
 93647 | Tar:4    | Noticed an ancient lich
 93661 | Tar:4    | Killed an ancient lich
 93676 | Tar:4    | HP: 6/291 [hellion/damnation (31)]
 93682 | Tar:4    | Killed from afar by a hellion

Illustrated notes

Levels and vault maps discovered:
D:1:      ncdulo_smallfort, layout_basic, hellmonk_ecumenical_altar_lost_god,
          serial_shops, shop, nicolae_shop_bloodbath_and_beyond, shop_fountains,
          nicolae_shop_tiny_glass, nicolae_shop_dealshenge
D:2:      layout_basic, minmay_hexomino_p4
D:3:      layout_rooms, serial_forest, infiniplex_forest_straight_2,
          infiniplex_forest_straight_1, infiniplex_forest_clump_diagonal,
          infiniplex_forest_zigzag_2, infiniplex_forest_clump_tiny,
          infiniplex_forest_straight_3, infiniplex_forest_fountain,
          grunt_decor_mini_mirrors
D:4:      layout_rooms, xom_teletrap_fun, kennysheep_mini_moat, slow_altar_2,
          minmay_circle_x, uniq_crazy_yiuf_cottage, uniq_sigmund, uniq_grinder,
          uniq_natasha
D:5:      layout_gridville, uniq_menkaure
D:6:      layout_loops_ring, minmay_temple_entry_slanted
D:7:      layout_basic, nemelex_xobeh_ov_fountains_minmay, bloody_makhleb
D:8:      layout_rooms, gammafunk_temple_overflow_elements, dpeg_oklobed_lair,
          roderic_serpentine_path
D:9:      layout_loops_cross, vehumet_altar_wand_db, serial_shops,
          nicolae_shop_temple_entry_statues_fountains
D:10:     layout_layer_cave, nzn_overflow_gifts_of_might_and_magic,
          lemuel_crystal_altar
D:11:     layout_roguey, orc_0_dummy, uniq_fannar
D:12:     layout_rooms, serial_shops, shop,
          serial_library_hellmonk_small_alcove, okawaru_ov_weapons_minmay,
          uniq_rupert
D:13:     layout_long_grid, portal_ice_cave_demonic_guard, uniq_frances
D:14:     layout_loops_corners, lightli_vaults_fourway_checkpoint,
          chequers_serial_rivers_micro_d
D:15:     hellmonk_depths_entry_around_the_bend, layout_loops_ring,
          hellmonk_sif_muna_bookshelves, uniq_azrael
Temple:   minmay_freezing_vapour_temple
Lair:1:   minmay_guarded_unrand_snakebite, layout_gridlike
Lair:2:   layout_long_grid, alex1729_swamp_entry_worm_eleionoma,
          serial_bayou_shore_b, grunt_megastairs_3
Lair:3:   layout_concentric_octagons, guppyfry_snake_entry_garden, minivault_24,
          lemuel_fruit_tree, infiniplex_staircase_pool, serial_bayou_shore_b
Lair:4:   gammafunk_indiana_jones, layout_regular_city, basic_altar,
          gauntlet_entry_generic, serial_bayou_shore_b, uniq_snorg
Lair:5:   minmay_lair_end_frog_pond, layout_long_grid,
          minmay_slime_entry_jelly_boxes
Swamp:1:  nicolae_swamp_standing_stones, layout_basic_swamp,
          evilmike_swamp_ruin_house_6
Swamp:2:  layout_falls_marsh, evilmike_swamp_ruin_rubble_2, swamp_pool_1_2,
          nicolae_swamp_decorative_isthmus
Swamp:3:  layout_basic_swamp, basic_altar, swamp_pool_1_2,
          nicolae_swamp_well_well_well, hangedman_swamp_ravenous, uniq_louise
Swamp:4:  swamp_fiery, layout_basic_swamp, uniq_aizul
Snake:1:  layout_onion, minmay_shop_star, grunt_megastairs_4
Snake:2:  layout_misc_corridors, st_stairs_11, nicolae_snake_salamander_fort,
          grunt_megastairs_1
Snake:3:  layout_cave_town
Snake:4:  minmay_snake_end_coiled, layout_cave_town, serial_bayou_shore_a
Slime:1:  layout_caves
Slime:2:  layout_caves, basic_altar
Slime:3:  layout_caves
Slime:4:  layout_caves
Slime:5:  slime_pit
Orc:1:    layout_diamond_mine
Orc:2:    st_orc_town, layout_diamond_mine, enter_volcano_3, serial_shops, shop
Elf:1:    eino_elf_arrival_the_gate, layout_onion_city, serial_shops,
          nicolae_shop_temple_entry_statues_fountains, hangedman_elf_represent,
          uniq_agnes
Elf:2:    elven_hall_of_blades_hangedman_alternative
          [nicolae_blade_entry_hurt_lockers], layout_geoelf_octagon,
          nrook_uturn, drop_trap
Elf:3:    grunt_elf_hall_diamonds, layout_geoelf_octagon
Vaults:1: grunt_vaults_hallway_long, nicolae_vaults_offset_grid_hallway_1,
          ontoclasm_vaults_decontamination, vaults_room_fours,
          nicolae_vaults_three_branches, v_pattern_4,
          nicolae_vaults_specimen_jars, st_hourglassy, vaults_standard_mumra_x,
          layout_vaults_quadrants
Vaults:2: nicolae_vaults_stairing_the_circle, nicolae_vaults_closet_pinwheel_5,
          dpeg_vaults_monster_row, vaults_dpeg_doors, v_misc_3,
          ontoclasm_vaults_chip, gargoyle_guard, vaults_room_hallway, v_misc_13,
          nicolae_vaults_closet_pinwheel_2, nicolae_vaults_diamond_1,
          nicolae_vaults_diamond_1, layout_vaults_chaotic_city
Vaults:3: nicolae_vaults_storage_closets_2, nicolae_vaults_surprise_closet,
          v_rooms_1, nicolae_vaults_closet_pinwheel_1,
          minmay_crypt_entry_necro_gods, vaults_mumra_minichess,
          nicolae_vaults_tetromino_L_2, grunt_vaults_diagonal,
          hangedman_vaults_maws, nicolae_vaults_diagonal_hallway_7,
          vaults_room_octagon, ontoclasm_vaults_gateway, v_misc_14,
          ontoclasm_vaults_fault, vaults_dpeg_spiral, vaults_room_ringed_pool,
          nicolae_vaults_little_squares_6, layout_vaults_omnibox, serial_shops,
          nicolae_shop_tiny_glass
Vaults:4: v_alt_pattern_2, serial_library_hellmonk_big_corner,
          nicolae_vaults_frosty_reception, vaults_dpeg_diagonal,
          nicolae_vaults_closet_pinwheel_1, nicolae_vaults_trapezoid_lopsided_2,
          v_misc_9, hangedman_vaults_cutoff, dpeg_vaults_monster_box,
          ontoclasm_vaults_idyll, nicolae_vaults_angled_halls,
          nicolae_vaults_tetromino_T_1, layout_vaults_omnicross, serial_shops,
          nicolae_shop_real_fake_doors, uniq_donald, uniq_mennas
Vaults:5
Crypt:1:  layout_gridlike, infiniplex_enter_wizlab_spiral, st_stairs_13,
          nicolae_crypt_cryptocurrency, grunt_crypt_arrival_split
Crypt:2:  layout_catacombs, grunt_megastairs_2, uniq_zenata, uniq_josephina
Crypt:3:  church_of_pain_bobbens, layout_chaotic_city, ebering_ghost_rock_garden
Depths:1: lightli_eight_chambers, layout_gridlike, hell_entry,
          minmay_misc_feat_columns, kennysheep_small_circle, uniq_enchantress,
          uniq_sojobo
Depths:2: minmay_the_grid_3x2 [minmay_the_grid_holed_spiral,
          minmay_the_grid_armoury, minmay_the_grid_stretched_grid,
          minmay_the_grid_doors, minmay_the_grid_airy,
          minmay_the_grid_prize_four_corners_diamond_b], layout_cave_pools,
          enter_ziggurat_c, hell_entry, rand_demon_pan_entry_8,
          minmay_misc_feat_secret_circle, infiniplex_staircase_diamond
Depths:3: minmay_bad_star, layout_honeycomb, hell_entry, abyss_entry,
          trog_three_pillars_becter
Depths:4: grunt_zot_entry_bicorn, layout_cave_pools, serial_shops,
          nicolae_shop_pleasant_corner_grove, serial_sigils_hangedman_leer,
          lightli_too_deep, pan_entry, uniq_saint_roka
Hell
Tar:1:    layout_cathedral_of_symmetry
Tar:2:    layout_catacombs, nicolae_tar_four_comb_rooms
Tar:3:    layout_catacombs
Tar:4:    layout_grid_maze, nicolae_tar_liches_on_tour
Zot:1:    layout_misc_corridors, nicolae_shop_clearance,
          regret_index_zotdec_twisting_globes
Zot:2:    layout_onion_interference
Zot:3:    layout_misc_corridors, regret_index_zotdec_banners
Zot:4:    layout_onion, grunt_ministairs_1, st_single_dragon_hoard_4
Zot:5:    layout_gridlike

Skill      XL: |  1  2  3  4  5  6  7  8  9 10 11 12 13 14 15 16 17 18 19 20 21 22 23 24 25 26 27 |
---------------+----------------------------------------------------------------------------------+-----
Ice Magic      | 5 6 7 8 9 10 13 14 15 16 | 16.0
Fighting       | 1 3 4 5 6 7 8 10 11 13 14 16 27 | 27.0
Short Blades   | 1 3 5 6 8 9 10 11 14 | 14.0
Shapeshifting  | 2 3 5 6 10 11 12 13 17 23 | 23.0
Dodging        | 3 4 5 6 9 10 12 17 19 | 19.0
Stealth        | 3 4 8 12 | 12.0
Invocations    | 1 4 5 10 14 | 14.0
Spellcasting   | 4 8 12 | 12.0
Evocations     | 1 4 6 8 12 | 12.0
Throwing       | 1 3 |  3.0
Shields        | 4 7 10 12 13 14 16 17 19 20 22 | 22.9
Translocations | 2 6 8 10 | 10.0
Fire Magic     | 2 6 8 9 |  9.0
Hexes          | 3 8 |  8.0
Conjurations   | 2 5 |  5.0
Long Blades    | 7 13 18 | 18.2
Transmutations | 15 | 15.0

Action                     |  1- 3 |  4- 6 |  7- 9 | 10-12 | 13-15 | 16-18 | 19-21 | 22-24 | 25-27 || total
---------------------------+-------+-------+-------+-------+-------+-------+-------+-------+-------++-------
  Melee: Unarmed           |     5 |       |       |       |       |       |       |       |       ||     5
         Constrict         |    11 |    11 |    41 |    76 |    85 |   119 |   145 |   163 |   463 ||  1114
         Dagger            |    29 |    92 |   227 |   549 |   864 |  1330 |   161 |       |       ||  3252
         Tentacles         |     5 |    19 |    73 |   166 |   280 |   498 |   481 |   756 |  2199 ||  4477
         Punch             |     1 |     1 |     6 |    10 |    20 |    25 |    41 |    61 |   136 ||   301
         Maw               |       |       |       |     4 |   452 |   718 |   505 |       |       ||  1679
         Quick blade       |       |       |       |       |       |       |  1006 |  1809 |  3653 ||  6468
         Eudemon blade     |       |       |       |       |       |       |       |    39 |  1738 ||  1777
   Fire: Sling             |       |       |     1 |       |       |       |       |       |       ||     1
  Throw: Stone             |       |       |     6 |     4 |       |       |       |       |       ||    10
         Dart              |       |       |       |    27 |    27 |    40 |     1 |       |       ||    95
         Throwing net      |       |       |       |     2 |       |       |       |       |       ||     2
   Cast: Freeze            |    47 |    26 |     9 |    11 |    32 |    11 |     3 |       |       ||   139
         Frozen Ramparts   |       |     8 |    38 |    74 |    84 |   112 |    56 |    57 |    44 ||   473
         Ozocubu's Armour  |       |     5 |    36 |    64 |    78 |   132 |    67 |    68 |   139 ||   589
         Hailstorm         |       |       |       |       |       |    19 |       |       |       ||    19
         Inner Flame       |       |       |       |       |       |    23 |    30 |     9 |     6 ||    68
         Dazzling Flash    |       |       |       |       |       |     9 |     5 |     1 |     1 ||    16
         Lesser Beckoning  |       |       |       |       |       |     1 |   111 |    89 |   171 ||   372
         Passage of Golubr |       |       |       |       |       |     1 |     4 |       |       ||     5
         Blink             |       |       |       |       |       |       |       |       |     2 ||     2
         Wereblood         |       |       |       |       |       |       |       |       |    81 ||    81
         Manifold Assault  |       |       |       |       |       |       |       |       |    29 ||    29
 Invoke: Stomp             |       |       |     1 |       |     3 |       |       |     2 |       ||     6
         Grand Finale      |       |       |       |       |     2 |     2 |       |     6 |    23 ||    33
         Line Pass         |       |       |       |       |     1 |     1 |       |       |     4 ||     6
  Evoke: Wand              |       |       |       |    15 |     1 |       |     2 |     1 |     1 ||    20
         Box of beasts     |       |       |       |       |       |       |     1 |       |     2 ||     3
         Phial of floods   |       |       |       |       |       |       |     1 |       |     1 ||     2
         Condenser vane    |       |       |       |       |       |       |       |       |     2 ||     2
    Use: Scroll            |     1 |     2 |     2 |     8 |    22 |     5 |    18 |     3 |    46 ||   107
         Potion            |       |     4 |     1 |     6 |     9 |       |     5 |     1 |    25 ||    51
   Stab: Sleeping          |     4 |     5 |     4 |     9 |    14 |    22 |    46 |    15 |    41 ||   160
         Paralysed         |       |       |     3 |    48 |    63 |    75 |   101 |   117 |   419 ||   826
         Invisible         |       |       |       |       |     2 |     9 |       |     2 |       ||    13
         Distracted        |       |       |       |       |     3 |     2 |     2 |     8 |    40 ||    55
         Confused          |       |       |       |       |       |     3 |       |       |     2 ||     5
         Petrified         |       |       |       |       |       |       |       |     1 |       ||     1
 Armour: Skin              |    29 |    42 |    91 |   223 |   311 |   415 |   335 |   598 |  1083 ||  3127
  Dodge: Dodged            |    56 |    46 |    98 |   208 |   412 |   675 |   386 |   898 |  4978 ||  7757
  Block: Buckler           |       |       |       |    35 |       |       |       |       |       ||    35
         Kite shield       |       |       |       |    47 |   541 |   827 |   505 |  1154 |  4983 ||  8057
   Form: Beast             |       |       |     1 |       |       |       |       |       |       ||     1
         Maw               |       |       |       |     1 |       |       |       |       |       ||     1
         Statue            |       |       |       |       |       |       |     2 |       |     2 ||     4
                           |       |       |       |       |       |       |     1 |       |     1 ||     2
         Death             |       |       |       |       |       |       |       |       |     1 ||     1

Table legend: (Time is in decaauts)
 A = Elapsed time spent in this place.
 B = Non-inter-level travel time spent in this place.
 C = Inter-level travel time spent in this place.
 D = Time resting spent in this place.
 E = Time spent auto-exploring this place.
 F = Levels seen in this place.
 G = Mean time per level.
                   A        B        C        D        E       F      G
               +--------+--------+--------+--------+--------+-----+--------+
         Total | 110868 |  96876 |  13992 |  24495 |  26591 |  76 | 1458.8 |
       Dungeon |  21697 |  16827 |   4870 |   5238 |   6123 |  15 | 1446.5 |
        Temple |     16 |     16 |      0 |      0 |      0 |   1 |   16.0 |
          Lair |   7865 |   6142 |   1723 |   1473 |   2778 |   5 | 1573.0 |
         Swamp |   4025 |   3562 |    463 |   1007 |   1150 |   4 | 1006.2 |
     Snake Pit |   7189 |   6117 |   1072 |   1866 |    811 |   4 | 1797.2 |
    Slime Pits |   3939 |   3514 |    425 |    369 |   1894 |   5 |  787.8 |
  Orcish Mines |   2756 |   2077 |    679 |    575 |    566 |   2 | 1378.0 |
   Elven Halls |   5936 |   5152 |    784 |   1568 |    820 |   3 | 1978.7 |
        Vaults |  11855 |  10350 |   1505 |   2306 |   3512 |   5 | 2371.0 |
         Crypt |   5690 |   5312 |    378 |    711 |   2097 |   3 | 1896.7 |
        Depths |   9093 |   7746 |   1347 |   1956 |   2077 |   4 | 2273.2 |
          Hell |    703 |    635 |     68 |     87 |    382 |   1 |  703.0 |
      Tartarus |   1562 |   1439 |    123 |    496 |    480 |   4 |  390.5 |
           Zot |   8962 |   8411 |    551 |   1742 |   1644 |   5 | 1792.4 |
         Abyss |   1828 |   1828 |      0 |    130 |    424 |   4 |  457.0 |
   Pandemonium |  16540 |  16540 |      0 |   4825 |   1537 |   9 | 1837.8 |
        Wizlab |    713 |    713 |      0 |     48 |    192 |   1 |  713.0 |
      Gauntlet |    491 |    491 |      0 |     94 |     99 |   1 |  491.0 |
               +--------+--------+--------+--------+--------+-----+--------+

Top non-repeatable levels by time:
Depths:1: 3804 daAuts
   Zot:5: 3669 daAuts
Vaults:3: 2528 daAuts
   Elf:2: 2461 daAuts
Vaults:5: 2413 daAuts
 Snake:4: 2412 daAuts
Vaults:2: 2353 daAuts
Vaults:4: 2322 daAuts
Vaults:1: 2237 daAuts
 Crypt:2: 2185 daAuts
Depths:2: 2089 daAuts
  Lair:1: 2074 daAuts
 Crypt:3: 2027 daAuts
 Snake:1: 1975 daAuts
    D:10: 1971 daAuts
